| TOP OF THE 1ST |
|
Wichita State University Shockers batting - Pitching for Washington State University Cougars : RHP Briruc Fenuku
|
|
Pitching: RHP Briruc Fenuku
|
|
|
Batting: RHB Kyle Gill
|
0-0: Called Strike 0-1: Ball 1-1: Foul Ball, location: 2F 1-2: Foul Ball, location: 2F 1-2: Ball 2-2: Ground out 4-3 (Groundball, 4D, EV 105.0 MPH)
|
|
Batting: RHB Byron Whitehead
|
0-0: Called Strike 0-1: Foul Ball, location: 2F 0-2: Ball 1-2: Ball 2-2: Ball 3-2: Strikes out swinging
|
|
Batting: LHB Carlos Flores
|
0-0: Foul Ball, location: 2F 0-1: Ball 1-1: Ball 2-1: Ball 3-1: Foul Ball, location: 2F 3-2: Strikes out looking
|
| Top of the 1st over - 0 runs, 0 hits, 0 errors, 0 left on base; Wichita State University 0 - Washington State University 0 |
| BOTTOM OF THE 1ST |
|
Washington State University Cougars batting - Pitching for Wichita State University Shockers : LHP Joe Seaborn
|
|
Pitching: LHP Joe Seaborn
|
|
|
Batting: LHB David Jackson
|
0-0: Called Strike 0-1: Ball 1-1: Foul Ball, location: 2F 1-2: SINGLE (Groundball, 6S, EV 65.0 MPH) (infield hit)
|
|
Pinch Runner at 1st Miguel Paredes:
|
|
|
Batting: LHB Scott Spillers
|
0-0: Foul Ball, location: 2F 0-1: Ball 1-1: Grounds into double play, 4-6-3 (Groundball, 4, EV 89.4 MPH)
|
|
Batting: SHB Juan Delanoval
|
0-0: Ball 1-0: Swinging Strike 1-1: Ball 2-1: Foul Ball, location: 2F 2-2: Fly out, F7 (Flyball, 78S, EV 76.2 MPH)
|
| Bottom of the 1st over - 0 runs, 1 hit, 0 errors, 0 left on base; Wichita State University 0 - Washington State University 0 |
| TOP OF THE 2ND |
|
Wichita State University Shockers batting - Pitching for Washington State University Cougars : RHP Briruc Fenuku
|
|
Now in LF: Miguel Paredes
|
|
|
Batting: RHB Jason Adelstein
|
0-0: Swinging Strike 0-1: Ball 1-1: Called Strike 1-2: Ball 2-2: Strikes out looking
|
|
Batting: RHB Marvin Coffey
|
0-0: Called Strike 0-1: Ball 1-1: SINGLE (Groundball, P, EV 86.2 MPH) (infield hit)
|
|
Batting: LHB Troy Davies
|
0-0: Ball 1-0: Foul Ball, location: 2F 1-1: Ball 2-1: Called Strike 2-2: Grounds into double play, 5-4-3 (Groundball, 56, EV 92.5 MPH)
|
| Top of the 2nd over - 0 runs, 1 hit, 0 errors, 0 left on base; Wichita State University 0 - Washington State University 0 |
| BOTTOM OF THE 2ND |
|
Washington State University Cougars batting - Pitching for Wichita State University Shockers : LHP Joe Seaborn
|
|
Batting: RHB Mas Langat
|
0-0: Called Strike 0-1: Ball 1-1: Foul Ball, location: 2F 1-2: Foul Ball, location: 2F 1-2: Strikes out swinging
|
|
Batting: LHB Israel Ariza
|
0-0: Ball 1-0: SINGLE (Groundball, 25, EV 70.6 MPH) (infield hit)
|
|
Batting: RHB Ryan Toth
|
0-0: Ball 1-0: Called Strike 1-1: Called Strike 1-2: Ball 2-2: Strikes out swinging
|
|
Batting: RHB Wambua Ewansiha
|
0-0: Called Strike 0-1: Ball 1-1: Ball 2-1: Ball 3-1: Foul Ball, location: 2F 3-2: Strikes out swinging
|
| Bottom of the 2nd over - 0 runs, 1 hit, 0 errors, 1 left on base; Wichita State University 0 - Washington State University 0 |
| TOP OF THE 3RD |
|
Wichita State University Shockers batting - Pitching for Washington State University Cougars : RHP Briruc Fenuku
|
|
Batting: RHB Lucio Baratta
|
0-0: Called Strike 0-1: Called Strike 0-2: Ground out 6-3 (Groundball, 6MD, EV 90.0 MPH)
|
|
Batting: RHB Jeff Grant
|
0-0: Ball 1-0: Called Strike 1-1: Foul Ball, location: 2F 1-2: DOUBLE (Groundball, 5L, EV 106.2 MPH)
|
|
Batting: SHB Peter Faggard
|
0-0: Called Strike 0-1: Ball 1-1: Ball 2-1: Ball 3-1: Foul Ball, location: 2F 3-2: Base on Balls
|
|
Batting: RHB Kyle Gill
|
0-0: Ball 1-0: Called Strike 1-1: Swinging Strike 1-2: Fielders Choice at 2nd, 6-4 (Groundball, 6, EV 93.1 MPH) Jeff Grant to third
|
|
Batting: RHB Byron Whitehead
|
0-0: Swinging Strike 0-1: Foul Ball, location: 2F 0-2: Ball 1-2: Strikes out swinging
|
| Top of the 3rd over - 0 runs, 1 hit, 0 errors, 2 left on base; Wichita State University 0 - Washington State University 0 |
| BOTTOM OF THE 3RD |
|
Washington State University Cougars batting - Pitching for Wichita State University Shockers : LHP Joe Seaborn
|
|
Batting: RHB Ron Essink
|
0-0: Ball 1-0: Ground out 5-3 (Groundball, 56, EV 96.9 MPH)
|
|
Batting: RHB Briruc Fenuku
|
0-0: Called Strike 0-1: Reached on error, E5 (Groundball, 5, EV 83.1 MPH)
|
|
Batting: RHB Miguel Paredes
|
0-0: Called Strike 0-1: Foul Ball, location: 2F 0-2: Fly out, F8 (Flyball, 78M, EV 84.4 MPH)
|
|
Batting: LHB Scott Spillers
|
0-0: Ball 1-0: DOUBLE (Line Drive, 9LS, EV 101.9 MPH) Briruc Fenuku to third
|
|
Batting: SHB Juan Delanoval
|
0-0: Ball 1-0: Called Strike 1-1: Ball 2-1: Ball 3-1: Foul Ball, location: 2F 3-2: Fly out, F9 (Flyball, 9, EV 80.6 MPH)
|
| Bottom of the 3rd over - 0 runs, 1 hit, 1 error, 2 left on base; Wichita State University 0 - Washington State University 0 |
| TOP OF THE 4TH |
|
Wichita State University Shockers batting - Pitching for Washington State University Cougars : RHP Briruc Fenuku
|
|
Batting: LHB Carlos Flores
|
0-0: Called Strike 0-1: Foul Ball, location: 2F 0-2: Foul Ball, location: 2F 0-2: Ground out 6-3 (Groundball, 6, EV 110.6 MPH)
|
|
Batting: RHB Jason Adelstein
|
0-0: Called Strike 0-1: Foul Ball, location: 2F 0-2: Fly out, F7 (Flyball, 7, EV 82.5 MPH)
|
|
Batting: RHB Marvin Coffey
|
0-0: Called Strike 0-1: Foul Ball, location: 2F 0-2: Foul Ball, location: 2F 0-2: Ball 1-2: Ground out 5-3 (Groundball, 56S, EV 86.2 MPH)
|
| Top of the 4th over - 0 runs, 0 hits, 0 errors, 0 left on base; Wichita State University 0 - Washington State University 0 |
| BOTTOM OF THE 4TH |
|
Washington State University Cougars batting - Pitching for Wichita State University Shockers : LHP Joe Seaborn
|
|
Batting: RHB Mas Langat
|
0-0: Called Strike 0-1: SINGLE (Groundball, 4MD, EV 97.5 MPH)
|
|
Batting: LHB Israel Ariza
|
0-0: Fly out, F7 (Flyball, 7D, EV 101.2 MPH)
|
|
Batting: RHB Ryan Toth
|
0-0: SINGLE (Flyball, 34D, EV 86.9 MPH) Mas Langat to second
|
|
Batting: RHB Wambua Ewansiha
|
0-0: Foul Ball, location: 2F 0-1: Ball Wild Pitch! Mas Langat to third Ryan Toth to second 1-1: Ball 2-1: Ground out 5-3 (Groundball, 56, EV 84.4 MPH) Mas Langat scores
|
|
Batting: RHB Ron Essink
|
0-0: Intentional Walk
|
|
Batting: RHB Briruc Fenuku
|
0-0: Foul Ball, location: 2F 0-1: Ball 1-1: Foul Ball, location: 2F 1-2: Ball 2-2: Ball 3-2: Ground out 4-3 (Groundball, 4, EV 86.2 MPH)
|
| Bottom of the 4th over - 1 run, 2 hits, 0 errors, 2 left on base; Wichita State University 0 - Washington State University 1 |
| TOP OF THE 5TH |
|
Wichita State University Shockers batting - Pitching for Washington State University Cougars : RHP Briruc Fenuku
|
|
Batting: LHB Troy Davies
|
0-0: Ball 1-0: Ball 2-0: Foul Ball, location: 2F 2-1: Foul Ball, location: 2F 2-2: Strikes out looking
|
|
Batting: RHB Lucio Baratta
|
0-0: Called Strike 0-1: Swinging Strike 0-2: Foul Ball, location: 2F 0-2: Ball 1-2: Ball 2-2: Ground out 4-3 (Groundball, 4, EV 85.0 MPH)
|
|
Batting: RHB Jeff Grant
|
0-0: Ball 1-0: Ball 2-0: Foul Ball, location: 2F 2-1: Called Strike 2-2: Foul Ball, location: 2F 2-2: Foul Ball, location: 2F 2-2: Fly out, F7 (Flyball, 78S, EV 83.1 MPH)
|
| Top of the 5th over - 0 runs, 0 hits, 0 errors, 0 left on base; Wichita State University 0 - Washington State University 1 |
| BOTTOM OF THE 5TH |
|
Washington State University Cougars batting - Pitching for Wichita State University Shockers : LHP Joe Seaborn
|
|
Batting: RHB Miguel Paredes
|
0-0: Foul Ball, location: 2F 0-1: Ball 1-1: Ground out 4-3 (Groundball, 4, EV 91.9 MPH)
|
|
Batting: LHB Scott Spillers
|
0-0: Ball 1-0: Reached on error, E6 (Groundball, 6, EV 97.5 MPH)
|
|
Batting: SHB Juan Delanoval
|
0-0: Foul Ball, location: 2F 0-1: Ball 1-1: Ball 2-1: Called Strike 2-2: Strikes out looking
|
|
Batting: RHB Mas Langat
|
0-0: Swinging Strike 0-1: Fielders Choice at 2nd, 6-4 (Groundball, 6, EV 85.0 MPH)
|
| Bottom of the 5th over - 0 runs, 0 hits, 1 error, 1 left on base; Wichita State University 0 - Washington State University 1 |
| TOP OF THE 6TH |
|
Wichita State University Shockers batting - Pitching for Washington State University Cougars : RHP Briruc Fenuku
|
|
Pitching: RHP Rogelio Perez
|
|
|
Batting: SHB Peter Faggard
|
0-0: Called Strike 0-1: Ball 1-1: Called Strike 1-2: Ball 2-2: Foul Ball, location: 2F 2-2: Fly out, F9 (Flyball, 9D, EV 106.9 MPH)
|
|
Batting: RHB Kyle Gill
|
0-0: Ball 1-0: Ball 2-0: Ball 3-0: Base on Balls
|
|
Batting: RHB Byron Whitehead
|
0-0: Foul Ball, location: 2F 0-1: Ball 1-1: Swinging Strike 1-2: Ball 2-2: Ball 3-2: Fielders Choice at 2nd, 4-6 (Groundball, 34, EV 76.9 MPH)
|
|
Batting: LHB Carlos Flores
|
0-0: Called Strike 0-1: Ball Wild Pitch! Byron Whitehead to second 1-1: Called Strike 1-2: Ball 2-2: Ball 3-2: Fly out, F8 (Flyball, 8LD, EV 95.0 MPH)
|
| Top of the 6th over - 0 runs, 0 hits, 0 errors, 1 left on base; Wichita State University 0 - Washington State University 1 |
| BOTTOM OF THE 6TH |
|
Washington State University Cougars batting - Pitching for Wichita State University Shockers : LHP Joe Seaborn
|
|
Batting: LHB Israel Ariza
|
0-0: Ball 1-0: Swinging Strike 1-1: Ball 2-1: Ball 3-1: Fly out, F7 (Line Drive, 7S, EV 90.6 MPH)
|
|
Batting: RHB Ryan Toth
|
0-0: Ball 1-0: Ground out U3 (Groundball, 3S, EV 62.5 MPH)
|
|
Batting: RHB Wambua Ewansiha
|
0-0: Ball 1-0: Ball 2-0: Called Strike 2-1: DOUBLE (Line Drive, 5D, EV 97.5 MPH)
|
|
Batting: RHB Ron Essink
|
0-0: Intentional Walk
|
|
Batting: RHB Briruc Fenuku
|
0-0: Ground out U3 (Groundball, 3S, EV 63.8 MPH)
|
| Bottom of the 6th over - 0 runs, 1 hit, 0 errors, 2 left on base; Wichita State University 0 - Washington State University 1 |
| TOP OF THE 7TH |
|
Wichita State University Shockers batting - Pitching for Washington State University Cougars : RHP Rogelio Perez
|
|
Pinch Hitting: RHB Alex Zeledon
|
0-0: Ball 1-0: Called Strike 1-1: Foul Ball, location: 2F 1-2: Ball 2-2: Foul Ball, location: 2F 2-2: Strikes out swinging
|
|
Batting: RHB Marvin Coffey
|
0-0: Swinging Strike 0-1: Swinging Strike 0-2: Strikes out swinging
|
|
Batting: LHB Troy Davies
|
0-0: Ball 1-0: Foul Ball, location: 2F 1-1: Swinging Strike 1-2: Foul Ball, location: 2F 1-2: Foul Ball, location: 2F 1-2: Foul Ball, location: 2F 1-2: Ground out 5-3 (Groundball, 56, EV 105.6 MPH)
|
| Top of the 7th over - 0 runs, 0 hits, 0 errors, 0 left on base; Wichita State University 0 - Washington State University 1 |
| BOTTOM OF THE 7TH |
|
Washington State University Cougars batting - Pitching for Wichita State University Shockers : LHP Joe Seaborn
|
|
Now at 2B: Alex Zeledon
|
|
|
Now in LF: Byron Whitehead
|
|
|
Batting: RHB Miguel Paredes
|
0-0: Called Strike 0-1: Ball 1-1: Foul Ball, location: 2F 1-2: Hit by Pitch
|
|
Pitching: RHP Ryan Chase
|
|
|
Batting: LHB Scott Spillers
|
0-0: Foul Ball, location: 2F 0-1: Foul Ball, location: 2F 0-2: Ball 1-2: Ball 2-2: Ground out 4-3 (Groundball, 34D, EV 85.0 MPH) Miguel Paredes to second
|
|
Batting: SHB Juan Delanoval
|
0-0: Intentional Walk
|
|
Batting: RHB Mas Langat
|
0-0: Fly out, F7 (Flyball, 7S, EV 94.4 MPH)
|
|
Pitching: LHP Alex Brown
|
|
|
Batting: LHB Israel Ariza
|
0-0: Called Strike 0-1: Ball 1-1: Ball 2-1: Ball 3-1: Swinging Strike 3-2: Strikes out swinging
|
| Bottom of the 7th over - 0 runs, 0 hits, 0 errors, 2 left on base; Wichita State University 0 - Washington State University 1 |
| TOP OF THE 8TH |
|
Wichita State University Shockers batting - Pitching for Washington State University Cougars : RHP Rogelio Perez
|
|
Pitching: RHP Manuel Santiago
|
|
|
Batting: RHB Lucio Baratta
|
0-0: Ball 1-0: Ball 2-0: Ball 3-0: SINGLE (Groundball, 4M, EV 96.9 MPH) (infield hit)
|
|
Batting: RHB Jeff Grant
|
0-0: Called Strike 0-1: Ball 1-1: Foul Ball, location: 2F 1-2: Strikes out swinging
|
|
Batting: SHB Peter Faggard
|
0-0: Fielders Choice at 2nd, 4-6 (Groundball, 34D, EV 93.1 MPH)
|
|
Batting: RHB Kyle Gill
|
0-0: Ball 1-0: Hit by Pitch Peter Faggard to second
|
|
Batting: RHB Byron Whitehead
|
0-0: Ball 1-0: Fly out, F7 (Flyball, 78M, EV 85.6 MPH)
|
| Top of the 8th over - 0 runs, 1 hit, 0 errors, 2 left on base; Wichita State University 0 - Washington State University 1 |
| BOTTOM OF THE 8TH |
|
Washington State University Cougars batting - Pitching for Wichita State University Shockers : LHP Alex Brown
|
|
Batting: RHB Ryan Toth
|
0-0: Swinging Strike 0-1: Foul Ball, location: 2F 0-2: Fly out, F8 (Line Drive, 8LM, EV 87.5 MPH)
|
|
Batting: RHB Wambua Ewansiha
|
0-0: Ball 1-0: SINGLE (Groundball, P, EV 92.5 MPH) (infield hit)
|
|
Batting: RHB Ron Essink
|
0-0: Called Strike 0-1: Ball 1-1: Called Strike 1-2: Ball 2-2: Foul Ball, location: 2F 2-2: Ball 3-2: SINGLE (Groundball, 4MD, EV 98.1 MPH) Wambua Ewansiha to second Runner from 2nd tries for 3rd, SAFE, throw by CF made to third
|
|
Batting: RHB Briruc Fenuku
|
0-0: Called Strike 0-1: Ball 1-1: SINGLE (Line Drive, 56D, EV 95.6 MPH) Wambua Ewansiha scores Ron Essink to second
|
|
Pitching: LHP John Schroeder
|
|
|
Batting: RHB Miguel Paredes
|
0-0: Fielders Choice at 2nd, 3-6 (Groundball, 34, EV 105.6 MPH) Ron Essink to third
|
|
Batting: LHB Scott Spillers
|
0-0: Ball Miguel Paredes steals 2nd base 1-0: Fly out, F6 (Popup, 6D, EV 64.4 MPH)
|
| Bottom of the 8th over - 1 run, 3 hits, 0 errors, 2 left on base; Wichita State University 0 - Washington State University 2 |
| TOP OF THE 9TH |
|
Wichita State University Shockers batting - Pitching for Washington State University Cougars : RHP Manuel Santiago
|
|
Pitching: RHP Arthur Scholten
|
|
|
Now at 1B: Tony Brea
|
|
|
Batting: LHB Carlos Flores
|
0-0: Swinging Strike 0-1: Ball 1-1: Called Strike 1-2: Strikes out swinging
|
|
Pinch Hitting: LHB Kyle Lee
|
0-0: Foul Ball, location: 2F 0-1: Ground out U3 (Groundball, 3, EV 108.1 MPH)
|
|
Batting: RHB Marvin Coffey
|
0-0: Ground out 4-3 (Groundball, 4D, EV 88.8 MPH)
|
| Top of the 9th over - 0 runs, 0 hits, 0 errors, 0 left on base; Wichita State University 0 - Washington State University 2 |
|